 Dungeon Crawl Stone Soup version 0.29.1-13-g9f3cf754e1 (webtiles) character file.

Game seed: 6547265693759909550

2408 DemonSlayer the Magician (level 9, -6/85 (90) HPs)
             Began as a Demonspawn Earth Elementalist on Feb 1, 2023.
             Was a Priest of Cheibriados.
             Shot with a sling bullet by Joseph (12 damage)
             ... on level 8 of the Dungeon.
             The game lasted 00:13:16 (6986 turns).

DemonSlayer the Magician (DsEE)                     Turns: 6986, Time: 00:13:19

HP:   -6/85 (90)    AC: 24    Str: 18    XL:     9   Next: 23%
MP:   20/20         EV:  2    Int: 24    God:    Cheibriados [***...]
Gold: 322           SH:  0    Dex: 19    Spells: 3/23 levels left

rFire   . . .      SeeInvis .   y - +6 short sword (flame)
rCold   . . .      Faith    .   (no shield)
rNeg    . . .      Spirit   .   (body armour currently unavailable)
rPois   +          Reflect  .   (helmet currently unavailable)
rElec   .          Harm     .   (cloak currently unavailable)
rCorr   .          Rampage  .   (gloves currently unavailable)
Will    .....      NoTele   +   (boots currently unavailable)
Stlth   ++........              j - amulet of regeneration
HPRegen 1.04/turn               (no ring)
MPRegen 0.34/turn               (no ring)

@: tree-form, drained, very slow
A: stationary, stasis, torment immunity, boosted hp, (horns 2), foul stench 1,
magic regeneration
a: Renounce Religion, Bend Time, Temporal Distortion


You were on level 8 of the Dungeon.
You worshipped Cheibriados.
Cheibriados was most pleased with you.
You were a tree.
You visited 2 branches of the dungeon, and saw 9 of its levels.

You collected 322 gold pieces.

Inventory:

Hand Weapons
 y - a +6 short sword of flaming (weapon)
Armour
 b - a +2 ring mail of fire resistance
 e - a +0 pair of gloves (melded)
 m - a scarf of shadows (melded)
 n - the +0 scale mail of Gravitas (melded) {rElec Stlth+}
   (You found it on level 2 of the Dungeon)

   rElec:     It insulates you from electricity.
   Stlth:     It makes you more stealthy.
Magical Staves
 i - a staff of earth
Jewellery
 c - the amulet of the Slug {Faith Will+ rCorr Slay+3}
   (You acquired it on level 5 of the Dungeon)

   [amulet of faith]

   It allows you to gain divine favour quickly.
   Slay:      It affects your accuracy & damage with ranged weapons and melee
   (+3).
   rCorr:     It protects you from acid and corrosion.
   Will:      It increases your willpower.
 j - an amulet of regeneration (around neck)
Wands
 l - a wand of acid (7)
 t - a wand of polymorph (9)
Scrolls
 d - 3 scrolls of magic mapping
 f - 2 scrolls of enchant armour
 r - a scroll of immolation {unknown}
 s - a scroll of amnesia {unknown}
 u - a scroll of teleportation
 x - a scroll of torment {unknown}
Potions
 a - a potion of brilliance {unknown}
 g - 4 potions of resistance
 k - 2 potions of attraction {unknown}
 o - 3 potions of curing {unknown}
 p - 2 potions of cancellation
 w - 2 potions of heal wounds {unknown}
 z - 2 potions of lignification


   Skills:
 + Level 1.6 Fighting
 + Level 0.3 Short Blades
 + Level 0.7 Staves
 + Level 3.8 Armour
 + Level 2.9 Dodging
 + Level 2.5 Stealth
 + Level 7.5 Spellcasting
 + Level 0.8 Transmutations
 + Level 7.3 Earth Magic


You had 3 spell levels left.
You knew the following spells:

 Your Spells              Type           Power      Damage    Failure   Level
a - Sandblast             Erth           88%        2d18      1%          1
b - Stone Arrow           Conj/Erth      52%        3d10      4%          3
c - Ignite Poison         Fire/Tmut/Pois 10%        N/A       19%         3
d - Mephitic Cloud        Conj/Pois/Air  9%         N/A       21%         3
e - Petrify               Tmut/Erth      28%        N/A       13%         4
f - Passwall              Tmut/Erth      23%        N/A       1%          2
g - Cause Fear            Hex            4%         N/A       56%         4

Your spell library contained the following spells:

 Spells                   Type           Power      Damage    Failure   Level
 Freezing Cloud           Conj/Ice/Air   4%         6-21      88%         5
 Dragon Form              Tmut           6%         N/A       100%        7
 Dragon's Call            Summ           4%         N/A       100%        9


Dungeon Overview and Level Annotations

Branches:
Dungeon (7/15)             Temple (1/1) D:4

Altars:
Ashenzari
Cheibriados
Dithmenos
Gozag
Kikubaaqudgha
Nemelex Xobeh
Ru
Sif Muna
Vehumet
Wu Jian
Yredelemnul

Annotations:
D:8 Joseph


Innate Abilities, Weirdness & Mutations

You are a tree.
Your roots penetrate the ground, keeping you stationary.
You cannot be teleported.
You are immune to unholy pain and torment.
Your maximum health is greatly increased.
Your equipment is partially melded.
((You have a pair of horns on your head.))
You may rarely emit foul miasma when damaged in melee.
You regenerate magic rapidly.


Message History

The blast of sand hits the wight!!
You destroy the wight!
Cheibriados thoroughly appreciates the change of pace.
You can now warp the flow of time around you.
Joseph unwields a +0 quarterstaff.
Joseph wields a +0 sling.
Joseph shoots a sling bullet.
The sling bullet barely misses you.
The blast of sand hits Joseph!
Joseph is moderately wounded.
Joseph shoots a sling bullet.
The sling bullet hits you!
The blast of sand hits Joseph!
Joseph is heavily wounded.
Joseph unwields a +0 sling.
Joseph wields a +0 quarterstaff.
Joseph hits you with a +0 quarterstaff.
The blast of sand misses Joseph.
The wight hits you from afar with a +3 trident!
You feel drained. Joseph hits you with a +0 quarterstaff.
The wight hits you from afar with a +3 trident!
You are too injured to fight recklessly!
Unknown command.
As you read the scroll of fog, it crumbles to dust.
The scroll dissolves into smoke.
Joseph barely misses you.
The wight hits you from afar with a +3 trident!
* * * LOW HITPOINT WARNING * * *
Okay, then.
As you read the scroll labelled OMNUNWUESS, it crumbles to dust.
You feel strangely unstable.
It was a scroll of teleportation.
Joseph barely misses you. The wight closely misses you.
Joseph unwields a +0 quarterstaff.
Joseph wields a +0 sling.
Joseph shoots a sling bullet.
The sling bullet hits you.
* * * LOW HITPOINT WARNING * * *
Joseph shoots a sling bullet.
The sling bullet hits you!
* * * LOW HITPOINT WARNING * * *
It was a potion of lignification.
You turn into a tree.
Your scarf of shadows melds into your body.
Your +0 pair of gloves melds into your body.
The +0 scale mail of Gravitas {rElec Stlth+} melds into your body.
The dungeon's light returns to normal.
Your roots penetrate the ground.
You feel strangely stable. The wight hits you but does no damage.
Joseph shoots a sling bullet.
The sling bullet hits you!
You die...

..#.#..#.##......
.......#........
#.#.#.##.....######.
#.#.#...............
#.#.#####.#.#†#####
..#.# #.#.#.###
###.# #.#.#.§§## #.#
#.#.###§§# ###..
..... ##♣## .....
##... #§§# ..... ...
##@z# ..... ##§#
..... z# ##### z.
... ...


You could see Joseph and a wight.

Vanquished Creatures
  A wyvern (D:8)
  3 water moccasins
  2 ogres (D:5)
  A centaur (D:7)
  A phantom (D:4)
  A necrophage (D:5)
  A bullfrog (D:7)
  3 scorpions
  12 wights
  2 howler monkeys (D:6)
  2 hounds
  A jelly (D:5)
  3 orc priests
  Natasha (thrice) (D:3)
  3 iguanas
  4 orc wizards
  4 gnolls (D:5)
  6 adders
  4 dart slugs
  30 orcs
  7 ball pythons
  8 endoplasms
  4 giant cockroaches
  A goblin (D:2)
  7 hobgoblins
  5 jackals
  7 kobolds
  A quokka (D:1)
  A bat (D:1)
  3 frilled lizards
  6 rats
  A butterfly (D:4)
138 creatures vanquished.

Notes
Turn   | Place    | Note
-------+----------+-------------------------------------------
     0 | D:1      | DemonSlayer the Demonspawn Earth Elementalist began the
                  | quest for the Orb.
     0 | D:1      | Reached XP level 1. HP: 13/13 MP: 3/3
   675 | D:1      | Gained mutation: You may rarely emit foul miasma when
                  | damaged in melee. [demonic ancestry]
   675 | D:1      | Reached XP level 2. HP: 7/19 MP: 0/5
  1587 | D:2      | Reached XP level 3. HP: 24/24 MP: 6/6
  2158 | D:2      | Identified the +0 scale mail of Gravitas {rElec Stlth+}
  2206 | D:2      | Found a faded altar of an unknown god.
  2512 | D:2      | Learned a level 3 spell: Stone Arrow
  3206 | D:3      | Noticed Natasha
  3210 | D:3      | Killed Natasha
  3211 | D:3      | Gained mutation: You have a pair of small horns on your
                  | head. [demonic ancestry]
  3211 | D:3      | Reached XP level 4. HP: 21/30 MP: 3/8
  3345 | D:3      | Noticed Natasha
  3351 | D:3      | Killed Natasha
  3434 | D:3      | Noticed Natasha
  3436 | D:3      | Killed Natasha
  3437 | D:3      | Reached skill level 1 in Armour
  3437 | D:3      | Reached XP level 5. HP: 35/35 MP: 7/9
  3524 | D:3      | Learned a level 3 spell: Ignite Poison
  3528 | D:3      | Learned a level 3 spell: Mephitic Cloud
  3619 | D:4      | Noticed a phantom
  3631 | D:4      | Killed a phantom
  3796 | D:4      | Found a staircase to the Ecumenical Temple.
  3801 | D:4      | Reached XP level 6. HP: 41/41 MP: 10/12
  3810 | Temple   | Entered the Ecumenical Temple
  3842 | Temple   | Became a worshipper of Cheibriados the Contemplative
  4552 | D:4      | Found an ornate altar of the Wu Jian Council.
  4585 | D:5      | Entered Level 5 of the Dungeon
  4700 | D:5      | Reached XP level 7. HP: 46/46 MP: 10/14
  4781 | D:5      | Reached skill level 5 in Spellcasting
  4781 | D:5      | Reached skill level 5 in Earth Magic
  4843 | D:5      | Reached * piety under Cheibriados
  5300 | D:5      | Reached skill level 1 in Fighting
  5659 | D:5      | Learned a level 4 spell: Petrify
  5662 | D:5      | Learned a level 2 spell: Passwall
  5670 | D:5      | Identified a scroll of acquirement
  5670 | D:5      | Acquired the amulet of the Slug {Faith Will+ rCorr Slay+3}
  5724 | D:6      | Gained mutation: You regenerate magic rapidly. [demonic
                  | ancestry]
  5724 | D:6      | Reached XP level 8. HP: 53/54 MP: 14/17
  5760 | D:6      | Found a sparkling altar of Nemelex Xobeh.
  6342 | D:6      | Reached ** piety under Cheibriados
  6693 | D:6      | Found an opulent altar of Gozag.
  6702 | D:6      | Learned a level 4 spell: Cause Fear
  6832 | D:7      | Gained mutation: You have a pair of horns on your head.
                  | [demonic ancestry]
  6832 | D:7      | Reached XP level 9. HP: 59/59 MP: 16/19
  6869 | D:7      | You fall into a shaft and drop 1 floor!
  6977 | D:8      | Noticed Joseph
  6978 | D:8      | Reached *** piety under Cheibriados
  6986 | D:8      | Shot with a sling bullet by Joseph

Illustrated notes

Levels and vault maps discovered:
D:1:      onia_arrival_pentagram, layout_basic
D:2:      layout_basic, hellmonk_ecumenical_altar_defaced_shrine
D:3:      layout_loops_ring, uniq_natasha
D:4:      layout_basic, nicolae_wu_jian_immortal_techniques,
          minmay_temple_entry_butterflies
D:5:      layout_gridville
D:6:      layout_gridville, mainiacjoe_overflow_small_starburst, kennysheep_mini
D:7:      layout_cave_pools, dancing_weapons_uskayaw
D:8:      layout_basic, nicolae_overflow_crystal_walls, uniq_joseph
Temple:   nicolae_temple_bog_church

Skill      XL: |  1  2  3  4  5  6  7  8  9 |
---------------+----------------------------+-----
Earth Magic    | 3 4 5 6 7 |  7.3
Dodging        | 2 |  2.9
Spellcasting   | 3 4 6 7 |  7.5
Armour         | 1 2 3 |  3.8
Stealth        | 2 |  2.5
Fighting       | 1 |  1.6
Short Blades   | |  0.3
Staves         | |  0.7
Transmutations | |  0.8

Action                   |  1- 3 |  4- 6 |  7- 9 || total
-------------------------+-------+-------+-------++-------
Melee: Short sword       |    41 |       |    17 ||    58
       Staff             |     2 |     4 |    12 ||    18
       Headbutt          |       |     1 |     2 ||     3
 Cast: Sandblast         |    65 |    42 |   118 ||   225
  Use: Potion            |     1 |       |     1 ||     2
       Scroll            |     1 |       |    12 ||    13
 Stab: Sleeping          |     1 |     1 |       ||     2
Armor: Ring mail         |    32 |       |       ||    32
       Scale mail        |     2 |    15 |    47 ||    64
       Skin              |       |       |     1 ||     1
Dodge: Dodged            |    44 |     7 |    67 ||   118
